 Dungeon Crawl Stone Soup version 0.23.2-30-g0e89c35 (webtiles) character file.

Game seed: 18026498258289925742

105 Fortress the Firebug (level 4, -8/33 HPs)
             Began as a Draconian Fire Elementalist on June 18, 2019.
             Blown up by Ijyb (13 damage)
             ... with a wand of disintegration (8)
             ... on level 3 of the Dungeon.
             The game lasted 00:08:00 (1852 turns).

Fortress the Firebug (Draconian Fire Elementalist)  Turns: 1852, Time: 00:08:00

Health: -8/33      AC: 14    Str: 10    XL:     4   Next: 53%
Magic:  0/8        EV: 12    Int: 17    God:
Gold:   156        SH:  0    Dex: 11    Spells: 7/8 levels left

rFire    . . .     SeeInvis .   i - +4 mace (protect)
rCold    . . .     Gourm    .   (no shield)
rNeg     . . .     Faith    .   (armour unavailable)
rPois    .         Spirit   .   (helmet restricted)
rElec    .         Reflect  .   e - +0 cloak
rCorr    .         Harm     .   (no gloves)
MR       .....                  p - +0 pair of boots
Stlth    ++........             (no amulet)
HPRegen  0.11/turn              (no ring)
MPRegen  0.11/turn              (no ring)

@: protection aura
A: unfitting armour, cold-blooded, AC +5
a: no special abilities


You were on level 3 of the Dungeon.
You were very hungry.

You visited 1 branch of the dungeon, and saw 3 of its levels.

You collected 156 gold pieces.

Inventory:

Hand Weapons
 i - a +4 mace of protection (weapon)
 n - a +2 dagger of freezing
Missiles
 f - 22 stones (quivered)
Armour
 e - a +0 cloak (worn)
 p - a +0 pair of boots (worn)
Jewellery
 t - an uncursed amulet of regeneration {unknown}
Scrolls
 a - a scroll of amnesia {unknown}
 h - a scroll of identify {unknown}
 k - a scroll of enchant weapon {unknown}
 l - 3 scrolls of teleportation {unknown}
 o - 2 scrolls of remove curse {unknown}
Potions
 c - a potion of ambrosia {unknown}
 d - a potion of cancellation {unknown}
 g - a potion of resistance {unknown}
 j - a potion of haste {unknown}
 m - a potion of heal wounds {unknown}
 q - a potion of curing {unknown}
 r - a potion of degeneration {unknown}
 s - a potion of might {unknown}
 u - a potion of invisibility {unknown}
Comestibles
 b - 10 rations


   Skills:
 - Level 2.0 Dodging
 - Level 2.0 Stealth
 + Level 2.9 Spellcasting
 + Level 2.2 Conjurations
 + Level 4.0 Fire Magic


You had 7 spell levels left.
You knew the following spells:

 Your Spells              Type           Power        Failure   Level  Hunger
a - Flame Tongue          Conj/Fire      ##...        4%          1    None

Your spell library contained the following spells:

 Spells                   Type           Power        Failure   Level  Hunger
 Throw Flame              Conj/Fire      ##....       8%          2    ##.....
 Conjure Flame            Conj/Fire      ##......     14%         3    ###....
 Inner Flame              Hex/Fire       #.......     22%         3    ###....
 Sticky Flame             Conj/Fire      ##......     43%         4    ####...
 Fireball                 Conj/Fire      ##........   80%         5    ######.


Dungeon Overview and Level Annotations

Branches:
Dungeon (3/15)

Altars:

Annotations:
D:3 Ijyb


Innate Abilities, Weirdness & Mutations

Your plain brown scales are hard. (AC +5)
You cannot fit into any form of body armour.
You are cold-blooded and may be slowed by cold attacks.


Message History

You hit Ijyb but do no damage.
Ijyb is moderately wounded.
Ijyb closely misses you.
You sock Ijyb!
Ijyb is severely wounded.
Ijyb hits you but does no damage.
Ijyb zaps a wand.
You are blasted!
Casting: Flame Tongue (safe; 4% risk of failure)
Confirm with . or Enter, or press ? or * to list all spells.
Aiming: Flame Tongue (safe; 4% risk of failure)
Press: ? - help, Shift-Dir - straight line, f - Ijyb
Aim: Ijyb, wielding a -3 dagger, wearing a +0 leather armour and carrying a wand of disintegration (9) (severely wounded)
The flame tongue misses Ijyb.
The flame tongue hits the hobgoblin.
You kill the hobgoblin!
Ijyb zaps a wand.
You are blasted!
Ouch! That really hurt!
* * * LOW HITPOINT WARNING * * *
You hit Ijyb.
Ijyb is severely wounded.
Ijyb zaps a wand.
You are blasted!
You die...

....#. .
#.... ..#
#.#.#
.oo###†.^
#......##.#
#.#......#
#..ol#
#...#g# #.#
#@# # #.#
#.# ###.#
#...# #)###
#.# #.# #.#


You could see Ijyb, an orc and a leopard gecko.

Vanquished Creatures
  An orc wizard (D:3)
  2 adders
  A worm (D:2)
  2 leopard geckos
  2 orcs (D:3)
  3 bats (D:2)
  5 giant cockroaches
  8 goblins
  4 hobgoblins
  3 jackals (D:2)
  A quokka (D:2)
  2 frilled lizards (D:1)
  10 kobolds
  6 rats
50 creatures vanquished.

Notes
Turn   | Place    | Note
-------+----------+-------------------------------------------
     0 | D:1      | Fortress the Draconian Fire Elementalist began the quest
                  | for the Orb.
     0 | D:1      | Reached XP level 1. HP: 14/14 MP: 3/3
   249 | D:1      | Reached XP level 2. HP: 20/20 MP: 3/5
  1046 | D:2      | Reached XP level 3. HP: 26/26 MP: 1/6
  1832 | D:3      | Reached XP level 4. HP: 32/33 MP: 1/8
  1840 | D:3      | Noticed Ijyb
  1845 | D:3      | Reached skill level 4 in Fire Magic
  1852 | D:3      | Blown up by Ijyb

Skill      XL: |  1  2  3  4 |
---------------+-------------+-----
Stealth        | 2 |  2.0
Dodging        | 2 |  2.0
Conjurations   | 2 |  2.2
Fire Magic     | 4 |  4.0
Spellcasting   | |  2.9

Action                   |  1- 3 |  4- 6 || total
-------------------------+-------+-------++-------
Melee: Mace              |    34 |    14 ||    48
       Unarmed           |    10 |       ||    10
       Tailslap          |     2 |       ||     2
 Cast: Flame Tongue      |    77 |     4 ||    81
  Eat: Chunk             |     3 |       ||     3
Armor: Skin              |    26 |     6 ||    32
Dodge: Dodged            |    60 |     5 ||    65
